 Dungeon Crawl Stone Soup version 0.31-a0-145-g046c7d2549 (webtiles) character file.

Game seed: 4483962397353360776

40 qw the Shooter (level 3, 0/31 HPs)
             Began as a Minotaur Hunter on June 6, 2023.
             Slain by an orc
             ... wielding a +0 war axe
              (9 damage)
             ... on level 2 of the Dungeon.
             The game lasted 00:00:36 (1905 turns).

qw the Shooter (Minotaur Hunter)                    Turns: 1905, Time: 00:00:36

Health: 0/31       AC:  3    Str: 15    XL:     3   Next: 30%
Magic:  2/2        EV: 12    Int:  6    God:
Gold:   106        SH:  0    Dex: 15    Spells: 2/2 levels left

rFire   . . .        Y - +0 shortbow
rCold   . . .        (shield currently unavailable)
rNeg    . . .        d - +0 leather armour {rPois}
rPois   +            (helmet restricted)
rElec   .            (no cloak)
rCorr   .            (no gloves)
SInv    .            (no boots)
Will    .....        (no amulet)
Stlth   +            (no ring)
HPRegen 0.25/turn    (no ring)
MPRegen 0.08/turn

%: no passive effects
@: no status effects
A: horns 2, retaliatory headbutt
a: no special abilities


You were on level 2 of the Dungeon.
You visited 1 branch of the dungeon, and saw 3 of its levels.

You collected 106 gold pieces.


Innate Abilities, Weirdness & Mutations

You have a pair of horns on your head.
You reflexively headbutt those who attack you in melee.


   Skills:
 - Level 3.0 Fighting
 + Level 5.3 Ranged Weapons
 - Level 1.0 Armour
 - Level 2.1 Dodging
 - Level 0.7 Stealth


You had 2 spell levels left.
You didn't know any spells.
Your spell library was empty.

Inventory:

Hand Weapons
 Y - a +0 shortbow (weapon)
Missiles
 i - 2 boomerangs
Armour
 d - a +0 leather armour of poison resistance (worn)
 h - a +0 ring mail
Potions
 a - a potion of attraction {unknown}
 g - a potion of might

Dungeon Overview and Level Annotations

Branches:
Dungeon (3/15)

Altars:


Message History

You climb downwards.
The orc shouts! x2
There is a stone staircase leading up here.
There are monsters nearby!
Waypoint 2 assigned to D:3.
You shoot an arrow.
The arrow completely misses the orc priest.
The orc hits you with a +0 dagger. The orc hits you with a +0 war axe.
The orc priest closely misses you.
1900 ||| STAIRDANCE The orc hits you with a +0 dagger.
The orc priest miscasts a cantrip.
The orc misses you.
You climb upwards.
There is a stone staircase leading down here.
Enter note:
Enter note:
Enter note:
Enter note:
Enter note:
Enter note:
Enter note:
Enter note:
Enter note: You shoot an arrow.
The arrow hits the orc priest.
The orc priest is lightly wounded.
The orc hits you with a +0 dagger.
The orc priest hits you with a +0 flail.
The orc misses you.
You shoot an arrow. The arrow hits the orc priest!
The orc priest is severely wounded.
The orc hits you with a +0 dagger. The orc priest misses you.
The orc hits you with a +0 war axe.
You shoot an arrow. The arrow barely misses the orc priest.
The orc hits you with a +0 dagger. The orc priest misses you.
The orc misses you.
You shoot an arrow. The arrow hits the orc priest.
The orc priest is almost dead.
The orc closely misses you. The orc priest barely misses you.
The orc hits you with a +0 war axe!
You die...

..#......###.# #.#
..######..##.# #.#
...######.##.# #.#
.............# #.#
...#######...#####.#
..## #........#..#
..# #..........##
########......)oo##
...............o@#
########.......###
#.......# #.......#
#.####### #.# #.#
#.# #.#


You could see an orc priest and 2 orcs.

Vanquished Creatures
  A worm (D:2)
  A dart slug (D:2)
  2 ball pythons (D:1)
  2 endoplasms (D:1)
  A giant cockroach (D:1)
  2 goblins
  6 hobgoblins
  4 quokkas
  6 bats
  3 kobolds
  3 rats
31 creatures vanquished.

Notes
Turn   | Place    | Note
-------+----------+-------------------------------------------
     0 | D:1      | qw the Minotaur Hunter began the quest for the Orb.
     0 | D:1      | Reached XP level 1. HP: 18/18 MP: 0/0
     0 | D:1      | 0 ||| qw: Version: 0.2-a-116-g91df2f0
     0 | D:1      | 0 ||| qw: Game counter: 2396
     0 | D:1      | 0 ||| qw: Always use a shield: true
     0 | D:1      | 0 ||| qw: God list: Okawaru
     0 | D:1      | 0 ||| qw: Allow faded altars: false
     0 | D:1      | 0 ||| qw: Do Orc after D:15 true
     0 | D:1      | 0 ||| qw: Do second Lair branch before Depths: true
     0 | D:1      | 0 ||| qw: Lair rune preference: random
     0 | D:1      | 0 ||| qw: Plans: Normal
     0 | D:1      | 0 ||| PLANNING D:1-11
   135 | D:1      | Reached XP level 2. HP: 10/25 MP: 1/1
   206 | D:1      | Reached skill level 5 in Ranged Weapons
   318 | D:1      | Reached skill level 3 in Fighting
   818 | D:1      | 818 ||| UPGRADING to +0 ring mail.
   828 | D:1      | 828 ||| DROPPING +0 leather armour.
   829 | D:1      | 829 ||| READING scroll labelled JEFILUONIM.
   830 | D:1      | 830 ||| READING scroll labelled IPY IXZUOSHUOR.
   831 | D:1      | 831 ||| READING scroll labelled ECSINY QESENI.
   836 | D:1      | 836 ||| DROPPING scroll of butterflies.
   870 | D:2      | Found a faded altar of an unknown god.
   958 | D:2      | Reached XP level 3. HP: 31/31 MP: 2/2
  1000 | D:2      | Reached skill level 1 in Armour
  1811 | D:2      | 1811 ||| UPGRADING to +0 leather armour of poison
                  | resistance.
  1821 | D:2      | 1821 ||| READING scroll labelled NIPEAM USHRUF.
  1822 | D:2      | 1822 ||| READING scroll labelled VIEGONGOYRR.
  1823 | D:2      | 1823 ||| READING scroll labelled RALUMY QUSOHU.
  1824 | D:2      | 1824 ||| READING scroll labelled RUBLAE TYIPLITT.
  1825 | D:2      | 1825 ||| READING 3 scrolls labelled IRPHEEN HAELLAI.
  1826 | D:2      | 1826 ||| DRINKING 2 murky purple potions.
  1831 | D:2      | 1831 ||| DRINKING 2 orange potions.
  1832 | D:2      | 1832 ||| DROPPING potion of ambrosia.
  1833 | D:2      | 1833 ||| DROPPING 2 scrolls of poison.
  1900 | D:3      | 1900 ||| STAIRDANCE
  1905 | D:2      | Slain by an orc

Levels and vault maps discovered:
D:1:      dpeg_arrival_orchard, layout_basic, serial_rivers,
          chequers_serial_rivers_small_3, chequers_serial_rivers_micro_c,
          chequers_serial_rivers_micro_b, chequers_serial_rivers_micro_d,
          chequers_serial_rivers_small_3
D:2:      layout_basic, shapermc_ecumenical_altar_notcrosses, eino_tiny_chamber,
          minmay_misc_feat_x
D:3:      layout_basic, minivault_11, kennysheep_big_empty_room,
          minmay_misc_feat_pillars

Skill      XL: |  1  2  3 |
---------------+----------+-----
Ranged Weapons | 5 |  5.3
Fighting       | 3 |  3.0
Armour         | 1 |  1.0
Dodging        | |  2.1
Stealth        | |  0.7

Action                     || total
---------------------------++-------
   Fire: Shortbow          ||   111
    Use: Scroll            ||     8
         Potion            ||     2
 Armour: Leather armour    ||     6
         Ring mail         ||     2
  Dodge: Dodged            ||    34

Table legend:
 A = Non-vault XP
 B = Vault XP
 C = Vault XP percentage of total XP
 D = Non-vault monster count
 E = Vault monster count
 F = Vault count percentage of total count
                 A         B        C        D         E       F
            +---------+---------+-------+---------+---------+-------
      Total |      58 |       0 |   0.0 |      31 |       0 |   0.0
            +---------+---------+-------+---------+---------+-------
        D:1 |      36 |       0 |   0.0 |      21 |       0 |   0.0
        D:2 |      22 |       0 |   0.0 |      10 |       0 |   0.0
            +---------+---------+-------+---------+---------+-------
